[Event "7th Sharjah Challengers 2024"]
[Site "Sharjah"]
[Date "2024.05.20"]
[Round "7.1"]
[White "Lashkin, Jegor"]
[Black "Nitish Belurkar"]
[Result "1/2-1/2"]
[ECO "D38"]
[WhiteElo "2449"]
[BlackElo "2451"]
[Annotator "ChessBase"]
[PlyCount "172"]
[EventDate "2024.05.13"]
[EventType "swiss"]
[EventCountry "UAE"]
[SourceTitle "playchess.com"]
[Source "ChessBase"]
[SourceQuality "1"]
[TimeControl "5400+30"]

1. d4 Nf6 2. c4 e6 3. Nf3 d5 4. Nc3 Nbd7 5. cxd5 exd5 6. Bg5 Bb4 7. e3 c5 8. Qc2 Qa5 9. Bd3 c4 10. Bf5 O-O 11. O-O Re8 12. Rfb1 g6 13. Bxd7 Nxd7 14. a3 Bxc3 15. Qxc3 Qxc3 16. bxc3 b6 17. a4 Bb7 18. Ne1 a6 19. Bf4 Re6 20. Nc2 Rc8 21. h4 h5 22. f3 Ba8 23. Kf2 Rce8 24. Ke2 Kf8 25. Bg5 Nb8 26. Nb4 Bb7 27. Kf2 Nd7 28. Re1 Kg7 29. Bf4 Kg8 30. Ke2 Rf6 31. Kd2 Rfe6 32. Re2 Kf8 33. a5 b5 34. Rae1 Nf6 35. Bg5 Nd7 36. e4 dxe4 37. d5 Re5 38. Bf4 Rxd5+ 39. Nxd5 Bxd5 40. fxe4 Bc6 41. Bd6+ Kg8 42. e5 Re6 43. Bb4 Kg7 44. Kc2 g5 45. hxg5 Kg6 46. Rf2 h4 47. Bd6 Bd5 48. Rd2 Bc6 49. Rf2 Bd5 50. Rd1 Be4+ 51. Kb2 Nxe5 52. Bxe5 Rxe5 53. Rd6+ Kg7 54. Rf4 Bxg2 55. Rxh4 Re2+ 56. Ka3 Rc2 57. Kb4 Rb2+ 58. Kc5 b4 59. Rxc4 bxc3 60. Rb6 Ra2 61. Kb4 c2 62. Rc5 Be4 63. Rbc6 Bxc6 64. Rxc6 Rb2+ 65. Ka4 Kh7 66. Rh6+ Kg8 67. Rc6 Kg7 68. Ka3 Rb5 69. Ka4 Rxg5 70. Rxc2 f5 71. Kb4 f4 72. Rf2 Rg4 73. Kc5 Kh6 74. Kb6 Rg6+ 75. Kb7 Rf6 76. Rxf4 Rxf4 77. Kxa6 Kg7 78. Kb7 Rb4+ 79. Kc7 Ra4 80. Kb6 Kf7 81. a6 Ke7 82. a7 Kd7 83. Kb7 Rb4+ 84. Ka8 Rh4 85. Kb7 Rb4+ 86. Ka8 Kc7 1/2-1/2

[Event "7th Sharjah Challengers 2024"]
[Site "Sharjah"]
[Date "2024.05.20"]
[Round "7.3"]
[White "Garifullina, Leya"]
[Black "Harsh Suresh"]
[Result "1/2-1/2"]
[ECO "C78"]
[WhiteElo "2431"]
[BlackElo "2417"]
[Annotator "ChessBase"]
[PlyCount "121"]
[EventDate "2024.05.13"]
[EventType "swiss"]
[EventCountry "UAE"]
[SourceTitle "playchess.com"]
[Source "ChessBase"]
[SourceQuality "1"]
[TimeControl "5400+30"]

1. e4 e5 2. Nf3 Nc6 3. Bb5 a6 4. Ba4 Nf6 5. O-O b5 6. Bb3 Bc5 7. a4 Rb8 8. c3 d6 9. d4 Bb6 10. a5 Ba7 11. h3 Bb7 12. Be3 Nxe4 13. Re1 Ne7 14. Nbd2 Nxd2 15. Bxd2 O-O 16. dxe5 dxe5 17. Nxe5 Ng6 18. Be3 Nxe5 19. Qxd8 Rbxd8 20. Bxa7 Nd3 21. Re7 Bd5 22. Bxd5 Rxd5 23. Rxc7 Nxb2 24. Bb6 Nc4 25. Ra7 h5 26. Rxa6 Rd6 27. Rb1 h4 28. Kh2 Nd2 29. Re1 Nc4 30. Re4 Nxa5 31. Rxa5 Rxb6 32. Rxh4 Rc8 33. Rh5 g6 34. Rhxb5 Rxb5 35. Rxb5 Rxc3 36. h4 Rc2 37. Kg3 Rc3+ 38. f3 Kg7 39. Rb7 Ra3 40. Kg4 Ra4+ 41. f4 Ra2 42. g3 Ra3 43. Rb5 f5+ 44. Kh3 Kh6 45. Rb8 Ra1 46. Rb7 Rh1+ 47. Kg2 Ra1 48. Rf7 Ra2+ 49. Kh3 Ra1 50. Rc7 Rh1+ 51. Kg2 Ra1 52. Rb7 Rc1 53. Rf7 Rc2+ 54. Kh3 Rc1 55. h5 Rh1+ 56. Kg2 Rxh5 57. Ra7 g5 58. Ra6+ Kg7 59. fxg5 Rxg5 60. Kf3 Rg4 61. Rb6 1/2-1/2

[Event "7th Sharjah Challengers 2024"]
[Site "Sharjah"]
[Date "2024.05.20"]
[Round "7.4"]
[White "Delgado Ramirez, Neuris"]
[Black "Aradhya, Garg"]
[Result "1/2-1/2"]
[ECO "C77"]
[WhiteElo "2489"]
[BlackElo "2388"]
[Annotator "TA"]
[PlyCount "121"]
[EventDate "2024.05.13"]
[EventType "swiss"]
[EventCountry "UAE"]
[SourceTitle "playchess.com"]
[Source "ChessBase"]
[SourceQuality "1"]
[TimeControl "5400+30"]

1. e4 e5 2. Nf3 Nc6 3. Bb5 a6 4. Ba4 Nf6 5. d3 Bc5 6. Bxc6 dxc6 7. Nbd2 Be6 8. Nb3 Bd6 9. O-O Qe7 10. Be3 a5 11. Qe1 Bg4 12. Nbd2 a4 13. a3 Nd7 14. h3 Bh5 15. d4 exd4 16. Bxd4 O-O 17. Qe3 Rfe8 18. Rfe1 f6 19. Nc4 Bc5 20. Nh4 Qe6 21. Qc3 Bf8 22. f4 c5 23. Bf2 Bf7 24. Nd2 Rad8 25. Nhf3 b5 26. e5 fxe5 27. Nxe5 Nxe5 28. Rxe5 Qf6 (28... b4 $1 $17 29. Qg3 Qb6) 29. Qe3 ({White should play} 29. Rxe8 $1 $15 Rxe8 30. Qxf6 gxf6 31. Re1 Rxe1+ 32. Bxe1) 29... Rxe5 30. fxe5 Qf5 31. Rc1 Be7 ({Black should try} 31... Bd5 $17 32. c4 Bb7 (32... bxc4 33. Nxc4 Be6 34. Qf3 $17)) 32. Nf3 $1 $15 Bd5 33. Bh4 Bxh4 34. Nxh4 Qe4 35. Qg5 Re8 36. Nf3 Qg6 (36... Qe2 $17 {[%cal Oh7h6] And now ...h6! would win.} 37. Re1 Qxc2) 37. Qxg6 $11 hxg6 38. Re1 Bxf3 39. gxf3 Kf7 40. Kf2 (40. f4 $11 {might be stronger.}) 40... Ke6 (40... g5 $15) 41. f4 $11 Kf5 42. Kf3 Rh8 43. Kg3 g5 44. fxg5 Kxg5 45. Rd1 (45. e6 Kf5 $15) 45... c6 46. Rd6 Rc8 47. Rd7 Kf5 48. Rxg7 Kxe5 49. h4 b4 $2 (49... Kf6 $11 {and Black is okay.} 50. Rh7 Rg8+ 51. Kh3 Rg1) 50. Rg5+ $18 Kd4 51. Rg4+ Ke3 (51... Ke5 $16 52. axb4 Rb8) 52. h5 $2 (52. axb4 $18 cxb4 53. Rxb4) 52... Kd2 $11 53. Rc4 $2 {[%emt 0:00:31][%mdl 8192] [#]} (53. axb4 $11 cxb4 54. Rxb4) 53... Kc1 $1 $19 54. axb4 Kxb2 55. Rxc5 a3 56. Ra5 a2 (56... Kxc2 57. Rxa3 Rh8 58. Kh4 $18) 57. c4 Rb8 (57... a1=B 58. Rc5 $11) 58. b5 cxb5 $2 ({Inferior is} 58... a1=B 59. bxc6 Rc8 60. Ra6 $16) ({Weaker is} 58... a1=Q 59. Rxa1 Kxa1 60. bxc6 $11) (58... c5 $19 59. Kf4 a1=Q (59... a1=B 60. b6 $16) (59... a1=R 60. Rxa1 Kxa1 61. Ke5 $19) 60. Rxa1 Kxa1) 59. cxb5 $11 a1=Q 60. Ra4 $2 {[%emt 0:03:53][%mdl 8192] [#]} (60. Rxa1 $11 Kxa1 61. Kg4) 60... Qa2 $2 (60... Qxa4 $3 {mates} 61. b6 (61. h6 Rd8) 61... Rd8 (61... Rxb6 {is a self mate.} 62. Kg2 Rb3 63. h6 Qf4 64. Kg1 Rg3+ 65. Kh2 Qh4#) 62. Kh2 Qf4+ 63. Kh1 Rg8 64. b7 Qh4#) 61. Rxa2+ 1/2-1/2

[Event "7th Sharjah Challengers 2024"]
[Site "Sharjah"]
[Date "2024.05.20"]
[Round "7.5"]
[White "Burmakin, Vladimir"]
[Black "Al Qudaimi, Basheer"]
[Result "1-0"]
[ECO "A80"]
[WhiteElo "2483"]
[BlackElo "2375"]
[Annotator "TA"]
[PlyCount "129"]
[EventDate "2024.05.13"]
[EventType "swiss"]
[EventCountry "UAE"]
[SourceTitle "playchess.com"]
[Source "ChessBase"]
[SourceQuality "1"]
[TimeControl "5400+30"]

1. d4 b6 2. Bf4 Bb7 3. e3 e6 4. Nf3 f5 5. Be2 Nf6 6. O-O {[%emt 0:00:13] A80: Dutch Defence: Unusual White second moves.} Be7 7. c4 O-O 8. Nc3 Ne4 9. Nxe4 Bxe4 {[%emt 0:05:03] was the old line (9...fxe4).} 10. h3 d6 11. Nd2 Bb7 12. Bf3 Qc8 13. Bh2 Nd7 14. e4 $146 ({Predecessor:} 14. b4 c5 15. bxc5 dxc5 16. Rc1 Rd8 17. Qb3 Nf6 18. Bxb7 Qxb7 19. Nf3 Ne4 20. Rfd1 {1-0 Mazetto,S (2154)-Hille,W (1864) Florianopolis op 4th 2018 (7)}) 14... Bf6 15. exf5 Bxf3 16. Nxf3 exf5 17. Qd3 Kh8 18. Rae1 a5 19. Re2 a4 20. Rfe1 Ra5 21. Bf4 h6 22. Bd2 Ra8 23. Bc3 (23. Qxf5 $6 Ne5 24. Qh5 Nxf3+ 25. gxf3 (25. Qxf3 Bxd4 26. Qe4 Bxb2 $11) 25... Qd7 $14) 23... Rb8 24. Re6 (24. Qxf5 $6 Ne5 25. Qe4 Nxf3+ 26. Qxf3 Bxd4 $14) 24... Rf7 25. Qxf5 Nf8 26. Qh5 $1 Qd7 (26... Nxe6 $16 27. Qxf7 Nf8) 27. R6e3 b5 28. cxb5 Rxb5 29. Qg4 ({White should play} 29. d5 {Black must now prevent Bxf6.} Bxc3 30. bxc3) 29... Qc6 ({Black should try} 29... Qxg4 30. hxg4 Kh7) 30. Re8 a3 (30... Kh7 $16 31. a3 Nd7) 31. Qe6 Qd5 32. Qxd5 Rxd5 33. bxa3 c5 {[%emt 0:00:36] [#]} (33... Kh7 $16 {was called for.} 34. Rb1 c5) 34. Rd1 (34. Ne5 $1 $18 dxe5 35. dxe5) 34... Kh7 $16 35. Rd2 Rf5 36. Re3 c4 {[%emt 0:00:45] [#]} (36... Ng6 $16 37. dxc5 Bxc3 38. Rxc3 Rxc5) 37. Bb4 $1 $18 d5 38. g4 Rf4 39. Bd6 Re4 40. Rxe4 dxe4 41. Ne5 c3 42. Rc2 (42. Nxf7 $2 {is the wrong capture.} cxd2 43. Kg2 d1=Q $19 (43... d1=B 44. Bxf8 Kg8 45. Bxg7 $15)) 42... Ne6 43. Nxf7 Nxd4 44. Rxc3 (44. Ng5+ hxg5 45. Rxc3 Ne2+ 46. Kg2 Nxc3 $19 (46... Bxc3 $2 47. Bc7 $19)) 44... Ne2+ 45. Kf1 Nxc3 46. Bc5 Kg6 47. Nd6 Be5 48. Bb4 Nxa2 49. Nxe4 Nc1 (49... Nxb4 {was worth a try.} 50. axb4 Kf7) 50. a4 $18 Nd3 51. Bd2 Bd4 52. a5 Ne5 53. Bc3 Nc6 54. Bxd4 Nxd4 55. a6 Nc6 56. f4 Kf7 57. Nc3 (57. Nd6+ $142 Ke7 58. Nc8+ Kf6 59. Ke2 Kf7 60. a7 Nxa7 61. Nxa7 Kg6 62. Ke3) 57... Ke6 58. Nb5 Kd5 59. a7 Nxa7 60. Nxa7 Ke4 61. Kg2 Kxf4 62. Nc6 h5 63. gxh5 Kg5 64. Kg3 Kxh5 65. Nd4 1-0

[Event "7th Sharjah Challengers 2024"]
[Site "Sharjah"]
[Date "2024.05.20"]
[Round "7.6"]
[White "Ajay Santhosh Parvathareddy"]
[Black "Ahmad, Al Khatib"]
[Result "1-0"]
[ECO "D50"]
[WhiteElo "2177"]
[BlackElo "2380"]
[Annotator "ChessBase"]
[PlyCount "85"]
[EventDate "2024.05.13"]
[EventType "swiss"]
[EventCountry "UAE"]
[SourceTitle "playchess.com"]
[Source "ChessBase"]
[SourceQuality "1"]
[TimeControl "5400+30"]

1. d4 Nf6 2. c4 e6 3. Nf3 c5 4. Nc3 d5 5. cxd5 cxd4 6. Qxd4 exd5 7. Bg5 Be7 8. e3 O-O 9. Be2 Nc6 10. Qd1 Be6 11. O-O h6 12. Bh4 Qb6 13. Nb5 Rac8 14. Nbd4 g5 15. Bg3 Ne4 16. Bd3 Bf6 17. Nxe6 fxe6 18. Bxe4 dxe4 19. Nd2 Rcd8 20. Qe1 Qxb2 21. Nb3 b6 22. Qc1 Qxc1 23. Raxc1 Nb4 24. a3 Rd3 25. axb4 Rxb3 26. Rc4 Rd8 27. Rxe4 Kf7 28. h3 Rbd3 29. Rc4 R8d7 30. Kh2 b5 31. Rc5 R3d5 32. Rc6 Be7 33. f4 g4 34. hxg4 Bxb4 35. f5 exf5 36. e4 Rd1 37. Rxd1 Rxd1 38. gxf5 a5 39. Rb6 Rf1 40. Rxb5 Kf6 41. Rb6+ Kg5 42. Rg6+ Kh5 43. Be5 1-0

[Event "7th Sharjah Challengers 2024"]
[Site "Sharjah"]
[Date "2024.05.20"]
[Round "7.7"]
[White "Dhruva Thota"]
[Black "Rios Gomez, Cristhian Camilo"]
[Result "1/2-1/2"]
[ECO "B33"]
[WhiteElo "2351"]
[BlackElo "2472"]
[Annotator "ChessBase"]
[PlyCount "100"]
[EventDate "2024.05.13"]
[EventType "swiss"]
[EventCountry "UAE"]
[SourceTitle "playchess.com"]
[Source "ChessBase"]
[SourceQuality "1"]
[TimeControl "5400+30"]

1. e4 c5 2. Nf3 Nc6 3. d4 cxd4 4. Nxd4 Nf6 5. Nc3 e5 6. Ndb5 d6 7. Bg5 a6 8. Na3 b5 9. Nd5 Be7 10. Bxf6 Bxf6 11. c3 Bg5 12. Nc2 Rb8 13. a4 bxa4 14. Ncb4 Nxb4 15. cxb4 O-O 16. Rxa4 a5 17. h4 Bh6 18. b5 Bd7 19. Nc3 d5 20. exd5 f5 21. d6 e4 22. Be2 Kh8 23. g3 Qf6 24. O-O g5 25. hxg5 Qxg5 26. Kg2 Bg7 27. Qd5 Qg6 28. Rh1 Bc8 29. Qd1 Bb7 30. Bh5 Qe6 31. Ne2 Rbd8 32. Nf4 Qxd6 33. Qxd6 Rxd6 34. Rd1 Rfd8 35. Rxd6 Rxd6 36. Rxa5 Bd4 37. b6 e3+ 38. Bf3 Bxf3+ 39. Kxf3 exf2 40. Kg2 Bxb6 41. Rd5 Rc6 42. Rd1 Kg7 43. Nd3 Rc2 44. b4 Kg6 45. Rf1 h5 46. Nc5 Rc4 47. Rxf2 Rxb4 48. Rc2 Rb1 49. Nd3 Be3 50. Kf3 Bg5 1/2-1/2

[Event "7th Sharjah Challengers 2024"]
[Site "Sharjah"]
[Date "2024.05.20"]
[Round "7.8"]
[White "Movahed, Sina"]
[Black "Anwesh, Upadhyaya"]
[Result "1-0"]
[ECO "C42"]
[WhiteElo "2464"]
[BlackElo "2345"]
[Annotator "ChessBase"]
[PlyCount "75"]
[EventDate "2024.05.13"]
[EventType "swiss"]
[EventCountry "UAE"]
[SourceTitle "playchess.com"]
[Source "ChessBase"]
[SourceQuality "1"]
[TimeControl "5400+30"]

1. e4 e5 2. Nf3 Nf6 3. Nxe5 d6 4. Nf3 Nxe4 5. d4 d5 6. Bd3 Nc6 7. O-O Be7 8. c4 Nb4 9. Be2 O-O 10. a3 Nc6 11. cxd5 Qxd5 12. Re1 Bf5 13. Nc3 Nxc3 14. bxc3 Rfe8 15. Bf4 Rac8 16. h3 Bf6 17. Qa4 Qa5 18. Qc4 Be6 19. Qd3 Bf5 20. Qd2 h6 21. Bc4 Rxe1+ 22. Qxe1 Bg6 23. Qe3 Qa4 24. Bd5 Qb5 25. c4 Qb2 26. Rd1 Ne7 27. Be4 Bxe4 28. Qxe4 Qb3 29. Rc1 b6 30. Qb7 Qa4 31. d5 Qd7 32. Re1 Qd8 33. Qxa7 b5 34. cxb5 Qxd5 35. a4 Ra8 36. Qxc7 Rxa4 37. b6 Nc6 38. b7 1-0

[Event "7th Sharjah Challengers 2024"]
[Site "Sharjah"]
[Date "2024.05.20"]
[Round "7.9"]
[White "Mohammad Fahad, Rahman"]
[Black "Kanter, Eduard"]
[Result "1-0"]
[ECO "B77"]
[WhiteElo "2435"]
[BlackElo "2344"]
[Annotator "ChessBase"]
[PlyCount "69"]
[EventDate "2024.05.13"]
[EventType "swiss"]
[EventCountry "UAE"]
[SourceTitle "playchess.com"]
[Source "ChessBase"]
[SourceQuality "1"]
[TimeControl "5400+30"]

1. e4 c5 2. Nf3 d6 3. d4 cxd4 4. Nxd4 Nf6 5. Nc3 g6 6. Be3 Bg7 7. f3 Nc6 8. Qd2 O-O 9. Bc4 Nxd4 10. Bxd4 Be6 11. Bxe6 fxe6 12. O-O-O Qa5 13. Kb1 Nd7 14. Bxg7 Kxg7 15. f4 Nb6 16. h4 Rac8 17. Rh3 Nc4 18. Qc1 b5 19. h5 b4 20. Ne2 gxh5 21. f5 Kh8 22. Nf4 Rf7 23. Ng6+ hxg6 24. fxg6 Rg7 25. Qh6+ Kg8 26. Rxh5 Qxh5 27. Qxh5 Ne5 28. Rh1 Nxg6 29. Qh3 Kf7 30. Rf1+ Ke8 31. Qxe6 Rc5 32. Qg4 Kd8 33. b3 Re5 34. Rh1 Kc7 35. Rh6 1-0

[Event "7th Sharjah Challengers 2024"]
[Site "Sharjah"]
[Date "2024.05.20"]
[Round "7.10"]
[White "Suyarov, Mukhammadzokhid"]
[Black "Hakobyan, Erik"]
[Result "1-0"]
[ECO "B32"]
[WhiteElo "2431"]
[BlackElo "2340"]
[Annotator "ChessBase"]
[PlyCount "95"]
[EventDate "2024.05.13"]
[EventType "swiss"]
[EventCountry "UAE"]
[SourceTitle "playchess.com"]
[Source "ChessBase"]
[SourceQuality "1"]
[TimeControl "5400+30"]

1. e4 c5 2. Nf3 Nc6 3. d4 cxd4 4. Nxd4 e5 5. Nb5 d6 6. c4 g6 7. Be2 a6 8. N5c3 Bg7 9. O-O Be6 10. Be3 Nge7 11. Nd2 Nd4 12. Bg4 Bxg4 13. Qxg4 Nc2 14. Rad1 Nxe3 15. fxe3 Qb6 16. Qf3 O-O 17. Nb3 Rac8 18. Qe2 Qb4 19. c5 dxc5 20. Rd7 c4 21. a3 Qb6 22. Rxe7 cxb3 23. Nd5 Qb5 24. Qxb5 axb5 25. Rxb7 Rc2 26. Rb1 Rc5 27. g4 h6 28. Rf1 Rc4 29. Nc3 f5 30. gxf5 gxf5 31. Rxb5 f4 32. Rxb3 fxe3 33. Re1 Rf3 34. Kg2 Rf2+ 35. Kh3 Rf3+ 36. Kg4 Rf2 37. Kg3 Rd4 38. Nd1 Rfd2 39. Nxe3 Rxe4 40. Rc1 Rf4 41. Rc8+ Bf8 42. Ng4 h5 43. Nxe5 Rff2 44. Rbb8 Kg7 45. Rb7+ Kg8 46. h3 Rg2+ 47. Kh4 Rge2 48. Kxh5 1-0

[Event "7th Sharjah Challengers 2024"]
[Site "Sharjah"]
[Date "2024.05.20"]
[Round "7.11"]
[White "Kanyamarala, Tarun"]
[Black "Wang, Yanbin"]
[Result "0-1"]
[ECO "A80"]
[WhiteElo "2302"]
[BlackElo "2415"]
[Annotator "ChessBase"]
[PlyCount "56"]
[EventDate "2024.05.13"]
[EventType "swiss"]
[EventCountry "UAE"]
[SourceTitle "playchess.com"]
[Source "ChessBase"]
[SourceQuality "1"]
[TimeControl "5400+30"]

1. d4 f5 2. Nc3 Nf6 3. Bf4 e6 4. g4 Bb4 5. gxf5 exf5 6. Qd3 Ne4 7. Nf3 d5 8. Rg1 Qe7 9. Nd2 Bxc3 10. bxc3 O-O 11. Nxe4 fxe4 12. Qg3 Rf7 13. Rb1 b6 14. e3 Ba6 15. Qg5 Bxf1 16. Kxf1 Qd7 17. c4 dxc4 18. Rb5 c5 19. Qg4 cxd4 20. Qh5 Nc6 21. Rd5 Qe8 22. Rg4 d3 23. cxd3 c3 24. Rh4 g6 25. Qd1 Nb4 26. Re5 Qd8 27. Rxe4 c2 28. Qd2 Qxd3+ 0-1

[Event "7th Sharjah Challengers 2024"]
[Site "Sharjah"]
[Date "2024.05.20"]
[Round "7.12"]
[White "Abdulrahim, Salem"]
[Black "Kazarian, Anna-Maja"]
[Result "0-1"]
[ECO "C06"]
[WhiteElo "1824"]
[BlackElo "2182"]
[Annotator "ChessBase"]
[PlyCount "76"]
[EventDate "2024.05.13"]
[EventType "swiss"]
[EventCountry "UAE"]
[SourceTitle "playchess.com"]
[Source "ChessBase"]
[SourceQuality "1"]
[TimeControl "5400+30"]

1. e4 e6 2. d4 d5 3. Nd2 Be7 4. Ngf3 Nf6 5. e5 Nfd7 6. Bd3 c5 7. c3 Nc6 8. O-O Qb6 9. dxc5 Bxc5 10. Nb3 Ndxe5 11. Nxe5 Nxe5 12. Nxc5 Qxc5 13. Bc2 Ng6 14. Be3 Qc7 15. h4 Bd7 16. a4 Nxh4 17. Qd4 Ng6 18. Qxg7 O-O-O 19. Qd4 a6 20. Bxg6 e5 21. Qa7 hxg6 22. Bb6 Qb8 23. Qxb8+ Kxb8 24. Bxd8 Rxd8 25. f3 Kc7 26. Kf2 Kd6 27. Rh1 Rc8 28. Rh4 a5 29. Ke3 f5 30. Rh7 f4+ 31. Kd2 e4 32. Rg7 Bf5 33. Rxb7 Rh8 34. Rg1 e3+ 35. Ke2 d4 36. cxd4 Rc8 37. Rd1 Rc2+ 38. Kf1 e2+ 0-1